 Dungeon Crawl Stone Soup version 0.30.1-9-gdf580d7c3d (webtiles) character file.

Game seed: 682783152835706091

114 lonewolfV2 the Trooper (level 4, -6/34 HPs)
             Began as a Demonspawn Fighter on Oct 24, 2023.
             Was a Follower of Hepliaklqana.
             Killed by divine providence
             ... invoked by an orc priest
              (16 damage)
             ... on level 3 of the Dungeon.
             The game lasted 00:03:26 (1863 turns).

lonewolfV2 the Trooper (Demonspawn Fighter)         Turns: 1863, Time: 00:03:26

Health: -6/34      AC:  6    Str: 18    XL:     4   Next: 66%
Magic:  4/4        EV:  9    Int: 10    God:    Hepliaklqana [*.....]
Gold:   113        SH:  9    Dex: 12    Spells: 3/3 levels left

rFire   . . .        a - +0 war axe
rCold   . . .        c - +1 buckler
rNeg    . . .        b - +0 scale mail
rPois   .            (helmet restricted)
rElec   .            (no cloak)
rCorr   .            (no gloves)
SInv    .            (no boots)
Will    .....        (no amulet) Stlth
                     (no ring)
HPRegen 0.25/turn    (no ring)
MPRegen 0.09/turn

%: no passive effects
@: no status effects
A: reduced essence, antennae 1, hooves 1, condensation shield
a: Renounce Religion, Recall Ancestor, Ancestor Identity


You were on level 3 of the Dungeon.
You worshipped Hepliaklqana.
Hepliaklqana was aware of your devotion.
You visited 1 branch of the dungeon, and saw 3 of its levels.

You collected 113 gold pieces.

Inventory:

Hand Weapons
 a - a +0 war axe (weapon)
Armour
 b - a +0 scale mail (worn)
 c - a +1 buckler (worn)
Wands
 k - a wand of polymorph (13)
Scrolls
 g - a scroll of acquirement {unknown}
 i - a scroll of identify
 j - a scroll of teleportation
Potions
 d - a potion of might
 e - a potion of mutation
 f - a potion of degeneration {unknown}
 h - a potion of heal wounds {unknown}


   Skills:
 * Level 4.4 Fighting
 + Level 2.6 Axes
 - Level 2.6 Armour
 + Level 3.3 Shields


You had 3 spell levels left.
You didn't know any spells.
Your spell library contained the following spells:

 Spells                   Type           Power      Damage    Failure   Level
 Inner Flame              Hex/Fire       0%         N/A       99%         3
 Flame Wave               Conj/Fire      0%         2d4       100%        4
 Sticky Flame             Conj/Fire      0%         2d3       100%        4


Dungeon Overview and Level Annotations

Branches:
Dungeon (3/15)

Altars:
Hepliaklqana


Innate Abilities, Weirdness & Mutations

Your life essence is reduced to manifest your ancestor. (-10% HP)
You have a pair of small antennae on your head.
You have large cloven feet.
A meltable shield of frost defends you. (SH +4)


Message History

The orc priest shouts!
The orc priest invokes the aid of Beogh against you.
Pain shoots through your body!
An orc priest comes into view. It is wielding a +1 heavy mace.
An orc comes into view. It is wielding a +0 hand axe.
You barely miss the orc priest.
The orc shouts!
The orc priest shouts!
You hear a shout!
Wolf closely misses the orc priest.
The orc priest closely misses you.
Wolf hits the orc priest.
The orc priest barely misses you.
The orc priest hits you but does no damage.
You hit the orc priest but do no damage.
You kick the orc priest, but do no damage.
You closely miss the orc priest.
Wolf hits the orc priest.
The orc priest hits you with a +0 short sword.
The orc priest closely misses Wolf.
You slash the orc priest! Your kick misses the orc priest.
The orc priest is severely wounded.
You hit the orc priest.
You kill the orc priest!
The orc priest closely misses you.
You closely miss the orc.
The orc priest looks braver for a moment.
You barely miss the orc. You kick the orc.
The orc is heavily wounded.
The orc priest invokes the aid of Beogh against you.
Beogh smites you!
* * * LOW HITPOINT WARNING * * *
You block the orc's attack.
A goblin comes into view. It is wielding a +0 dagger.
You closely miss the orc.
The orc is heavily wounded.
The orc priest miscasts a cantrip.
The orc hits you but does no damage. You block the orc's attack.
You swap places.
Wolf hits the orc.
The orc dies!
Wolf barely misses the orc priest.
The orc priest hits Wolf with a +0 short sword.
The orc priest invokes the aid of Beogh against you.
Beogh smites you!
You die...

#.#.#####..###.#
#.#............#
###.#######..#####
#..[#######..####
#.##............#
#.##.######..##.#
#.##.#.......# #
#..#####)##.#.#.....# .#
#...gooR.@....#.###.##.#
#..########.###.# #..#.#
#.# #.# ##.#.# #.# #.#
#.#.# #.# #.# #.#.#
#†###.####.#.#
#............#
######.####.###
#...........#


You could see the friendly Wolf the ancestor, 2 orc priests and a goblin.

Vanquished Creatures
  An orc priest (D:3)
  Robin (D:2)
  An adder (D:3)
  A worm (D:3)
  5 endoplasms
  A giant cockroach (D:1)
  9 goblins
  5 hobgoblins
  2 jackals (D:2)
  A quokka (D:2)
  A ball python (D:2)
  4 bats
  3 kobolds
  A rat (D:2)
36 creatures vanquished.

Vanquished Creatures (collateral kills)
  An adder (D:2)
  A worm (D:2)
  An orc (D:3)
  A giant cockroach (D:2)
  2 goblins (D:2)
  A jackal (D:2)
  A quokka (D:2)
  A bat (D:2)
  A kobold (D:1)
  A rat (D:2)
11 creatures vanquished.

Vanquished Creatures (others)
  An ancestor (D:2)
1 creature vanquished.

Grand Total: 48 creatures vanquished

Notes
Turn   | Place    | Note
-------+----------+-------------------------------------------
     0 | D:1      | lonewolfV2 the Demonspawn Fighter began the quest for the
                  | Orb.
     0 | D:1      | Reached XP level 1. HP: 18/18 MP: 1/1
   329 | D:1      | Found a faded altar of an unknown god.
   331 | D:1      | Prayed at the altar of an unknown god.
   331 | D:1      | Became a worshipper of Hepliaklqana the Forgotten
   331 | D:1      | Reached * piety under Hepliaklqana
   549 | D:1      | Discovered your monstrous ancestry.
   549 | D:1      | Gained mutation: You have a pair of small antennae on your
                  | head. [demonic ancestry]
   549 | D:1      | Reached XP level 2. HP: 19/21 MP: 2/2
   919 | D:2      | Noticed Robin
   939 | D:2      | Gained mutation: A meltable shield of frost defends you.
                  | (SH +4) [demonic ancestry]
   939 | D:2      | Reached XP level 3. HP: 13/26 MP: 3/3
   941 | D:2      | Killed Robin
  1339 | D:2      | Reached skill level 4 in Fighting
  1405 | D:2      | Gained mutation: You have large cloven feet. [demonic
                  | ancestry]
  1405 | D:2      | Reached XP level 4. HP: 23/33 MP: 4/4
  1863 | D:3      | Killed from afar by an orc priest

Illustrated notes

Levels and vault maps discovered:
D:1:      lemuel_arrival_cross, layout_basic, chequers_ecumenical_altar_twisty
D:2:      layout_rooms, uniq_robin
D:3:      layout_loops_ring, overflow_temple_1_default, uniq_natasha

Skill      XL: |  1  2  3 |
---------------+----------+-----
Axes           | 2 |  2.6
Shields        | 3 |  3.3
Fighting       | 4 |  4.4
Armour         | |  2.6

Action                     |  1- 3 |  4- 6 || total
---------------------------+-------+-------++-------
  Melee: War axe           |    90 |    18 ||   108
         Kick              |       |     5 ||     5
 Invoke: Ancestor Identity |     1 |       ||     1
         Recall Ancestor   |     2 |       ||     2
    Use: Scroll            |     4 |       ||     4
 Armour: Scale mail        |    57 |     5 ||    62
  Dodge: Dodged            |    43 |     7 ||    50
  Block: Buckler           |    42 |     6 ||    48
